 Dungeon Crawl Stone Soup version 0.27-a0-1217-g8a41f320e8 (webtiles) character file.

Game seed: 4654006657532887662

1826 pokeman the Thaumaturge (level 8, -2/46 HPs)
             Began as a Deep Elf Hedge Wizard on June 5, 2021.
             Was a Follower of Vehumet.
             Slain by a gnoll sergeant
             ... wielding a +7 spear of pain
              (8 damage)
             ... on level 5 of the Dungeon.
             The game lasted 00:18:44 (8217 turns).

pokeman the Thaumaturge (Deep Elf Hedge Wizard)     Turns: 8217, Time: 00:18:45

Health: -2/46      AC:  7    Str:  7    XL:     8   Next: 86%
Magic:  3/24       EV: 12    Int: 22    God:    Vehumet [*.....]
Gold:   234        SH:  0    Dex: 17    Spells: 9/27 levels left

rFire    . . .     SeeInvis .   f - +1 dagger (venom)
rCold    . . .     Faith    .   (no shield)
rNeg     . . .     Spirit   .   c - +0 leather armour
rPois    +         Reflect  .   r - +1 helmet
rElec    .         Harm     .   F - +0 cloak
rCorr    .         Rampage  .   (no gloves)
Will     .....                  D - +0 pair of boots of the Salmon {rPois Dex+3}
Stlth    ++........             (no amulet)
HPRegen  0.15/turn              (no ring)
MPRegen  0.19/turn              (no ring)

@: weak-willed
A: no striking features
a: Renounce Religion


You were on level 5 of the Dungeon.
You worshipped Vehumet.
Vehumet was aware of your devotion.
You visited 2 branches of the dungeon, and saw 6 of its levels.

You collected 234 gold pieces.

Inventory:

Hand Weapons
 f - a +1 dagger of venom (weapon)
 y - a +0 shortbow
 B - a +0 whip of electrocution
 E - a +2 quarterstaff of chaos
Missiles
 s - 109 arrows
Armour
 c - a +0 leather armour (worn)
 r - a +1 helmet (worn)
 C - a +2 robe of resistance
 D - the +0 pair of boots of the Salmon (worn) {rPois Dex+3}
   (You found it on level 5 of the Dungeon)

   It affects your dexterity (+3).
   It protects you from poison.
 F - a +0 cloak (worn)
Jewellery
 j - an amulet of faith
Wands
 x - a wand of iceblast (2)
 A - a wand of charming (12)
Scrolls
 g - 3 scrolls of identify
 i - a scroll of summoning
 n - 2 scrolls of torment
 o - a scroll of enchant armour
 p - a scroll of amnesia
 v - a scroll of acquirement {unknown}
 w - a scroll of enchant weapon {unknown}
 G - a scroll of magic mapping {unknown}
Potions
 a - 4 potions of haste {unknown}
 b - a potion of lignification {unknown}
 d - 6 potions of curing {unknown}
 e - 2 potions of invisibility {unknown}
 h - 4 potions of attraction {unknown}
 k - 5 potions of heal wounds
 l - 3 potions of flight {unknown}
 m - a potion of magic {unknown}
 q - a potion of mutation {unknown}
 u - a potion of ambrosia {unknown}
 z - a potion of might {unknown}


   Skills:
 - Level 3.0 Fighting
 + Level 2.2 Armour
 - Level 3.0 Dodging
 - Level 3.0 Stealth
 * Level 10.3 Spellcasting
 + Level 5.5 Conjurations
 - Level 1.1 Summonings
 - Level 1.1 Translocations
 + Level 4.5 Fire Magic
 - Level 1.0 Air Magic
 - Level 1.1 Poison Magic
 - Level 1.1 Evocations


You had 9 spell levels left.
You knew the following spells:

 Your Spells              Type           Power      Damage    Failure   Level
a - Magic Dart            Conj           100%       1d8       1%          1
b - Mephitic Cloud        Conj/Pois/Air  22%        N/A       9%          3
c - Call Imp              Summ           16%        N/A       9%          2
d - Blink                 Tloc           N/A        N/A       9%          2
e - Conjure Flame         Conj/Fire      33%        6-21      3%          3
f - Foxfire               Conj/Fire      100%       2x1d9     1%          1
g - Fireball              Conj/Fire      16%        3d8       30%         5
h - Apportation           Tloc           32%        N/A       5%          1

Your spell library contained the following spells:

 Spells                   Type           Power      Damage    Failure   Level
 Freeze                   Ice            44%        1d6       9%          1
 Sting                    Tmut/Pois      52%        1d5       7%          1
 Corona                   Hex            12%        N/A       9%          1
 Poisonous Vapours        Pois/Air       32%        N/A       9%          2
 Inner Flame              Hex/Fire       21%        N/A       10%         3
 Sticky Flame             Conj/Fire      33%        2d5       11%         4
 Slow                     Hex            11%        N/A       13%         2
 Portal Projectile        Hex/Tloc       26%        N/A       21%         3
 Cause Fear               Hex            5%         N/A       63%         4
 Leda's Liquefaction      Hex/Erth       5%         N/A       63%         4
 Manifold Assault         Tloc           16%        N/A       83%         5
 Alistair's Intoxication  Tmut/Pois      8%         N/A       88%         5
 Dispersal                Tloc           8%         N/A       100%        6


Dungeon Overview and Level Annotations

Branches:
Dungeon (5/15)             Temple (1/1) D:4

Altars:
Ashenzari
Cheibriados
Elyvilon
Fedhas
Gozag
Hepliaklqana
Okawaru
Sif Muna
Vehumet
Zin

Annotations:
D:5 1 transporter, ArcanElement's ghost, novice HuFi


Message History

You kill the gnoll shaman!
Vehumet accepts your kill.
The gnoll sergeant is engulfed in blazing flames.
The gnoll sergeant barely misses you.
The gnoll zaps a wand.
You struggle to resist.
Unknown command.
Casting: Call Imp (safe; 9% risk of failure)
Confirm with . or Enter, or press ? or * to list all spells.
Aiming: Mephitic Cloud (dangerous; 9% risk of failure)
Press: ? - help, Shift-Dir - straight line, f - gnoll
Aim: a gnoll, wielding a +0 club and carrying a wand of mindburst (18) (heavily wounded, chance to affect: 91%)
The ball explodes into a vile cloud!
The stinking cloud engulfs the gnoll but does no damage.
The gnoll is heavily wounded.
The gnoll is engulfed in noxious fumes.
The gnoll appears confused.
The gnoll sergeant is engulfed in blazing flames.
You kill the gnoll sergeant!
Vehumet accepts your kill.
Your crimson imp hits the gnoll.
Unknown command.
Unknown command.
As you read the scroll labelled MODOQA XOTOERO, it crumbles to dust.
Magic quickly surges around you.
It was a scroll of vulnerability.
The gnoll is engulfed in noxious fumes.
The gnoll appears confused.
Your crimson imp hits the gnoll.
Casting: Mephitic Cloud (dangerous; 9% risk of failure)
Confirm with . or Enter, or press ? or * to list all spells.
You blink.
ArcanElement's ghost is engulfed in blazing flames.
The gnoll is engulfed in noxious fumes.
The gnoll appears confused.
Your crimson imp blinks!
Your crimson imp blinks!
There is an open translucent door here.
ArcanElement's ghost stares at you.
There is an open translucent door here.
Things that are here:
a +0 spear; a gnoll corpse Your crimson imp blinks!
The gnoll sergeant hits you from afar with a +7 spear of pain!
You die...

#..........#.#####...#####.#.####
#.#.######.#.........#####.#.....
#............................####
#..≈≈≈≈≈≈≈≈≈≈≈≈≈≈≈≈≈≈≈≈≈≈≈≈≈.####
#..≈≈≈≈≈≈≈≈≈≈≈≈≈≈≈≈≈≈≈≈≈≈≈≈≈.....
#..≈≈#####..........[#####≈≈..#.#
#..≈≈#.8.#S###.©.###.#.8g#≈≈.##.#
#..≈≈#...###.#####©###...#≈≈.##.#
#..≈≈###...))...@......###≈≈.##.#
#..≈≈.8#.##W###'######.#8.≈≈.##.#
#..≈≈.##.#...#g.8#...#.##.≈≈.##.#
#..≈≈.#..'...))©⌠#:..'..#.≈≈...[#
#..≈≈.##.#)..#.58#...#.##.≈≈..###
#..≈≈.8#.##'###'######.#8.≈≈..###
#..≈≈###.........).)...###≈≈.....
#..≈≈#...###.#####g###...#≈≈..###
#..≈≈#.8.#.###.©.###.#.8.#≈≈..#


You could see a gnoll sergeant, ArcanElement's ghost (weak-willed) and a
friendly crimson imp (summoned, weak-willed).

Vanquished Creatures
  Pikel (D:5)
  Sigmund (D:5)
  A black bear (D:4)
  2 ogres (D:5)
  2 centaurs (D:5)
  A phantom (D:4)
  4 lemures (D:5)
  A bullfrog (D:5)
  2 gnoll sergeants (D:5)
  A water moccasin skeleton (D:4)
  Crazy Yiuf (D:5)
  A bullfrog skeleton (D:5)
  A gnoll shaman (D:5)
  3 hounds (D:4)
  Terence (D:2)
  2 iguanas (D:5)
  A scorpion zombie (D:5)
  An orc wizard (D:5)
  A hound zombie (D:5)
  A hound skeleton (D:4)
  Robin (D:2)
  5 gnolls (D:5)
  5 adders
  A white imp (D:5)
  2 worms (D:3)
  5 dart slugs
  13 orcs
  5 bats
  8 endoplasms
  3 giant cockroaches
  12 goblins
  9 hobgoblins
  2 jackals (D:3)
  A quokka (D:4)
  9 ball pythons
  A frilled lizard (D:1)
  14 kobolds
  6 rats
  A bush (D:5)
132 creatures vanquished.

Vanquished Creatures (others)
  64 foxfires
  6 plants (D:5)
70 creatures vanquished.

Grand Total: 202 creatures vanquished

Notes
Turn   | Place    | Note
-------+----------+-------------------------------------------
     0 | D:1      | pokeman the Deep Elf Hedge Wizard began the quest for the
                  | Orb.
     0 | D:1      | Reached XP level 1. HP: 10/10 MP: 7/7
   482 | D:1      | Reached XP level 2. HP: 16/16 MP: 3/9
   539 | D:1      | Identified the Collected Works on Toxins and Orientation
  1594 | D:2      | Reached skill level 5 in Spellcasting
  1648 | D:2      | Noticed Robin
  1667 | D:2      | Reached XP level 3. HP: 20/20 MP: 5/11
  1681 | D:1      | Learned a level 3 spell: Mephitic Cloud
  1684 | D:1      | Learned a level 2 spell: Call Imp
  1687 | D:1      | Learned a level 2 spell: Blink
  1691 | D:1      | Learned a level 3 spell: Conjure Flame
  1693 | D:1      | Learned a level 1 spell: Apportation
  2406 | D:2      | Reached skill level 1 in Fighting
  2464 | D:2      | Reached skill level 1 in Armour
  2566 | D:2      | Killed Robin
  2649 | D:2      | Reached XP level 4. HP: 14/25 MP: 8/13
  3025 | D:2      | Noticed Terence
  3063 | D:2      | Killed Terence
  4256 | D:3      | Found a faded altar of an unknown god.
  4414 | D:3      | Learned a level 1 spell: Foxfire
  4420 | D:3      | Reached XP level 5. HP: 29/29 MP: 10/15
  4427 | D:3      | Reached skill level 6 in Spellcasting
  5065 | D:4      | Reached skill level 1 in Poison Magic
  5096 | D:4      | Noticed a black bear
  5110 | D:4      | Killed a black bear
  5111 | D:4      | Reached skill level 1 in Fire Magic
  5111 | D:4      | Reached skill level 1 in Air Magic
  5111 | D:4      | Reached XP level 6. HP: 15/34 MP: 3/17
  5117 | D:4      | Learned a level 5 spell: Fireball
  5431 | D:4      | Reached skill level 7 in Spellcasting
  5683 | D:4      | Found a staircase to the Ecumenical Temple.
  5714 | Temple   | Entered the Ecumenical Temple
  5728 | Temple   | Became a worshipper of Vehumet
  5815 | D:4      | Found a white marble altar of Elyvilon.
  5831 | D:4      | Found an iron altar of Okawaru.
  6015 | D:4      | Found an opulent altar of Gozag.
  6324 | D:5      | Entered Level 5 of the Dungeon
  6460 | D:5      | Found a transporter.
  6481 | D:5      | Reached XP level 7. HP: 38/38 MP: 17/20
  6663 | D:5      | Reached skill level 1 in Evocations
  6837 | D:5      | Reached skill level 8 in Spellcasting
  6847 | D:5      | Identified the +4 kite shield of Ziusiell {Str+3}
  6880 | D:5      | Found a transporter.
  6892 | D:5      | Noticed ArcanElement's ghost (novice HuFi)
  6954 | D:5      | Noticed Pikel
  7059 | D:5      | Killed Pikel
  7060 | D:5      | Reached skill level 9 in Spellcasting
  7060 | D:5      | Reached XP level 8. HP: 24/45 MP: 0/23
  7282 | D:5      | Identified the +0 pair of boots of the Salmon {rPois Dex+3}
  7341 | D:5      | Noticed Sigmund
  7351 | D:5      | Killed Sigmund
  7352 | D:5      | Reached skill level 5 in Conjurations
  7501 | D:5      | Reached skill level 10 in Spellcasting
  7504 | D:5      | Reached * piety under Vehumet
  7504 | D:5      | Offered knowledge of Freeze by Vehumet.
  7851 | D:5      | Found a runed translucent door.
  7852 | D:5      | Noticed Crazy Yiuf
  7862 | D:5      | Killed Crazy Yiuf
  8217 | D:5      | Slain by a gnoll sergeant

Illustrated notes

Levels and vault maps discovered:
D:1:      eino_arrival_water_star, layout_basic
D:2:      layout_loops_ring, minmay_misc_feat_alley,
          chequers_serial_rivers_micro_e, columned_hall_lemuel, uniq_terence,
          uniq_robin
D:3:      layout_basic, shapermc_ecumenical_altar_totnotflames,
          dk_noncrumbling_2
D:4:      layout_loops_ring, grunt_gozag_breadcrumbs, minitemple,
          temple_doors_cd, minmay_vboxes
D:5:      layout_loops_ring, gammafunk_ghost_gnarly_gnolls, grunt_ministairs_2,
          minmay_misc_feat_doors, kb_lookout_dungeons_type, uniq_pikel,
          uniq_sigmund, uniq_crazy_yiuf_cottage
Temple:   nicolae_temple_great_sept

Skill      XL: |  1  2  3  4  5  6  7  8 |
---------------+-------------------------+-----
Spellcasting   | 5 6 7 9 10 | 10.3
Fighting       | 1 2 3 |  3.0
Armour         | 1 2 |  2.2
Conjurations   | 2 3 4 5 |  5.5
Dodging        | 3 |  3.0
Stealth        | 3 |  3.0
Poison Magic   | 1 |  1.1
Fire Magic     | 1 3 4 |  4.5
Air Magic      | 1 |  1.0
Evocations     | 1 |  1.1
Summonings     | |  1.1
Translocations | |  1.1

Action                   |  1- 3 |  4- 6 |  7- 9 || total
-------------------------+-------+-------+-------++-------
Melee: Dagger            |    14 |    55 |    86 ||   155
 Cast: Magic Dart        |    87 |   100 |     9 ||   196
       Mephitic Cloud    |     1 |     5 |    19 ||    25
       Conjure Flame     |       |     4 |    11 ||    15
       Call Imp          |       |     1 |    12 ||    13
       Foxfire           |       |    28 |     8 ||    36
       Blink             |       |       |     3 ||     3
  Use: Scroll            |       |       |     5 ||     5
 Stab: Sleeping          |       |     2 |       ||     2
       Confused          |       |     1 |     5 ||     6
Armor: Robe              |     7 |     8 |     4 ||    19
       Leather armour    |       |       |     1 ||     1
Dodge: Dodged            |    16 |    48 |    35 ||    99

Table legend: (Time is in decaauts)
 A = Elapsed time spent in this place.
 B = Non-inter-level travel time spent in this place.
 C = Inter-level travel time spent in this place.
 D = Time resting spent in this place.
 E = Time spent auto-exploring this place.
 F = Levels seen in this place.
 G = Mean time per level.
                   A        B        C        D        E       F      G
               +--------+--------+--------+--------+--------+-----+--------+
         Total |   8220 |   7886 |    334 |    637 |   6146 |   6 | 1370.0 |
       Dungeon |   8197 |   7872 |    325 |    637 |   6144 |   5 | 1639.4 |
        Temple |     23 |     14 |      9 |      0 |      2 |   1 |   23.0 |
               +--------+--------+--------+--------+--------+-----+--------+

Top non-repeatable levels by time:
     D:2: 2131 daAuts
     D:5: 1892 daAuts
     D:1: 1659 daAuts
     D:4: 1396 daAuts
     D:3: 1117 daAuts
  Temple: 23 daAuts
